 Dungeon Crawl Stone Soup version 0.29.0-4-gdea44cf6ec (webtiles) character file.

Game seed: 13543799365679821556

24998 oldmanjim the Grappler (level 12, -1/128 HPs)
             Began as a Troll Berserker on Aug 26, 2022.
             Was a High Priest of Trog.
             Slain by an eight-headed hydra (6 damage)
             ... on level 2 of the Lair of Beasts on Aug 27, 2022.
             The game lasted 01:20:53 (12537 turns).

oldmanjim the Grappler (Troll Berserker)           Turns: 12537, Time: 01:20:54

Health: -1/128     AC: 11    Str: 30    XL:     12   Next: 85%
Magic:  0/11       EV: 10    Int:  5    God:    Trog [*****.]
Gold:   1031       SH:  0    Dex:  9    Spells: 11/11 levels left

rFire   . . .      SeeInvis .   b - +3 flail (venom)
rCold   + . .      Faith    .   (no shield)
rNeg    . . .      Spirit   +   U - +2 troll leather armour {Snorg}
rPois   .          Reflect  .   Q - +2 hat
rElec   .          Harm     .   M - +0 cloak
rCorr   +          Rampage  .   (gloves unavailable)
Will    ++...                   (boots unavailable)
Stlth   +.........              q - amulet of guardian spirit
HPRegen 2.91/turn               K - ring of resist corrosion
MPRegen 0.12/turn               o - ring of protection from cold

@: about to teleport, strong-willed, regenerating, studying Throwing
A: large, unfitting armour, claws 3, regeneration 1, shaggy fur 1, tough skin 1
a: Renounce Religion, Berserk, Trog's Hand, Brothers in Arms


You were on level 2 of the Lair of Beasts.
You worshipped Trog.
Trog was extremely pleased with you.
You visited 3 branches of the dungeon, and saw 14 of its levels.
You also visited: Bailey.

You collected 1031 gold pieces.

Inventory:

Hand Weapons
 b - a +3 flail of venom (weapon)
 j - a +2 vorpal sling
Missiles
 i - 7 curare-tipped darts
 m - 115 stones
 z - 6 atropa-tipped darts
 A - 21 boomerangs (quivered)
 D - 12 poisoned darts
 S - 5 javelins
 T - 5 large rocks
Armour
 M - a +0 cloak (worn)
 Q - a +2 hat (worn)
 U - a +2 troll leather armour (worn) {Snorg}
Jewellery
 a - a ring of ice
 o - a ring of protection from cold (right claw)
 q - an amulet of guardian spirit (around neck)
 C - a ring of protection from fire
 K - a ring of resist corrosion (left claw)
 N - a ring of protection from fire
 V - the ring "Qioschot" {Ice Str+4}
   (You found it on level 1 of the Lair of Beasts)

   [ring of ice]

   It enhances your ice magic.
   Str:       It affects your strength (+4).
   rF:        It makes you vulnerable to fire.
   rC:        It protects you from cold.
Wands
 x - a wand of quicksilver (12)
 B - a wand of mindburst (12)
 I - a wand of flame (28)
 L - a wand of paralysis (9)
 W - a wand of polymorph (8)
Scrolls
 c - a scroll of immolation {unknown}
 d - a scroll of enchant weapon
 f - 6 scrolls of teleportation
 g - 3 scrolls of identify
 h - 2 scrolls of vulnerability
 k - a scroll of silence
 r - 2 scrolls of butterflies
 s - a scroll of blinking
 u - a scroll of torment {unknown}
 v - a scroll of summoning
 y - a scroll of poison {unknown}
 G - 2 scrolls of enchant armour
 H - a scroll of noise {unknown}
 J - 2 scrolls of magic mapping
 Y - a scroll of fear
Potions
 e - a potion of magic
 l - 7 potions of curing
 n - 2 potions of heal wounds
 p - 6 potions of flight
 t - a potion of ambrosia
 w - 3 potions of attraction
 E - 3 potions of cancellation
 O - a potion of mutation
 P - 3 potions of lignification
 X - a potion of might {unknown}
Miscellaneous
 F - a box of beasts
 R - a phantom mirror


   Skills:
 + Level 10.8 Fighting
 + Level 7.5 Throwing
 - Level 4.0 Armour
 - Level 4.0 Dodging
 + Level 14.8 Unarmed Combat
 - Level 4.0 Evocations


You had 11 spell levels left.
You didn't know any spells.
Your spell library was empty.

Dungeon Overview and Level Annotations

Branches:
Dungeon (11/15)            Temple (1/1) D:7            Lair (2/5) D:9
  Snake (0/4) Lair:2          Orc (0/2) D:11         Bailey (visited)
  Swamp: Lair:2-3    Shoals: Lair:2-3

Altars:
Ashenzari
Cheibriados
Dithmenos
Elyvilon
Fedhas
Gozag
Hepliaklqana
Kikubaaqudgha
Makhleb
Nemelex Xobeh
Okawaru
Qazlal
Ru
Sif Muna
Trog
Uskayaw
Vehumet
Wu Jian
Xom
Yredelemnul
Zin
The Shining One

Shops:
D:11 (

Annotations:
D:7 1 runed translucent door, Crazy Yiuf


Innate Abilities, Weirdness & Mutations

You are too large for most types of armour.
You have claws for hands.
Your natural rate of healing is unusually fast.
You are covered in fur. (AC +1)
You have tough skin. (AC +1)


Message History

The eight-headed hydra bites you but does no damage.
The eight-headed hydra misses you. The eight-headed hydra bites you.
The eight-headed hydra barely misses you.
The eight-headed hydra bites you. x2; The eight-headed hydra bites you!
The eight-headed hydra bites you but does no damage.
You hit the eight-headed hydra.
The eight-headed hydra is lightly wounded.
The eight-headed hydra bites you but does no damage.
The eight-headed hydra closely misses you.
The eight-headed hydra bites you.
The eight-headed hydra closely misses you.
The eight-headed hydra bites you!
The eight-headed hydra bites you but does no damage.
The eight-headed hydra misses you. The eight-headed hydra bites you! x2
The eight-headed hydra completely misses you.
The eight-headed hydra bites you!
The eight-headed hydra bites you but does no damage.
The eight-headed hydra bites you!
The eight-headed hydra bites you but does no damage. x2
The eight-headed hydra bites you!
As you read the scroll of teleportation, it crumbles to dust.
You feel strangely unstable.
The eight-headed hydra bites you but does no damage.
The eight-headed hydra bites you. x2; The eight-headed hydra bites you!
* * * LOW HITPOINT WARNING * * *
The eight-headed hydra barely misses you. x2
The eight-headed hydra closely misses you.
The eight-headed hydra bites you.
* * * LOW HITPOINT WARNING * * *
The eight-headed hydra attacks as you move away!
The eight-headed hydra closely misses you.
The eight-headed hydra bites you!
* * * LOW HITPOINT WARNING * * *
The eight-headed hydra bites you!
* * * LOW HITPOINT WARNING * * *
The eight-headed hydra bites you.
* * * LOW HITPOINT WARNING * * *
The eight-headed hydra completely misses you.
The eight-headed hydra misses you. The eight-headed hydra bites you.
You die...

## ###...#†#P# #.##
..##..#......### ###
#.............###
##.............#.#
#.....#.##.P..#..#
###...#.#####..#.## ♣.
#P...## ##....♣ .P. ##..##
#.....♣ ♣♣P..
#..#########P@#♣♣ .....
##.~~~~~.# ###Dh♣.....$
##.~~~~~~~P #S♣♣......
##.~~~...~~~ ##hh..hh~~~
#.~~~P.~..~~ #......~~~~
#.~~..~....~ #..†..~~~≈≈
..~~...>...~ ........~~≈≈≈
..~~.....P.~~~$......~~≈≈≈
..~~~..P~.~~~.~#P....~~~≈≈


You could see an eight-headed hydra, a water moccasin and 3 wolves.

Vanquished Creatures
  Snorg (D:11)
  2 boulder beetles (D:11)
  2 hydras
  A centaur warrior (D:11)
  An orc knight (D:11)
  An oklob plant (Lair:1)
  Pikel (D:6)
  A cyclops (D:11)
  2 manticores
  A centaur zombie (D:10)
  A gargoyle (D:11)
  5 cane toads (Lair:1)
  5 centaur skeletons (D:10)
  An unseen horror (D:10)
  2 komodo dragons (Lair:1)
  2 hellwings
  A tengu conjurer (D:11)
  A polar bear (Lair:1)
  A troll (D:10)
  Grinder (D:6)
  2 hornets
  14 blink frogs (Lair:1)
  A shadow (D:11)
  A centaur simulacrum (D:11)
  Sigmund (D:2)
  6 yaks (D:10)
  A yak (shapeshifter) (D:11)
  3 wyverns
  A spriggan (D:10)
  2 steam dragons
  Edmund (D:6)
  A naga (Lair:2)
  2 acid dragons (D:11)
  6 water moccasins
  A sky beast (D:7)
  3 ice beasts
  4 black bears
  11 orc warriors
  An ogre (D:5)
  9 centaurs
  6 wolves
  A lemure (D:7)
  A kobold brigand (D:9)
  A phantom (D:4)
  2 necrophages (D:7)
  A gnoll sergeant (D:8)
  5 bullfrogs
  3 scorpions
  14 wights
  13 killer bees
  2 howler monkeys
  4 hounds
  9 jellies
  9 orc priests
  2 iguanas (D:5)
  12 orc wizards
  10 adders
  13 gnolls
  4 shadow imps
  3 white imps
  A dart slug (D:5)
  67 orcs
  2 bats (D:3)
  19 endoplasms
  4 giant cockroaches
  15 goblins
  17 hobgoblins
  6 jackals
  2 quokkas
  4 ball pythons
  A frilled lizard (D:3)
  28 kobolds
  2 rats
387 creatures vanquished.

Vanquished Creatures (collateral kills)
  A troll (D:11)
  2 centaurs (D:11)
3 creatures vanquished.

Vanquished Creatures (others)
  A boggart (D:11)
  A human (D:6)
  7 fungi
  2 toadstools (Lair:2)
  3 withered plants (D:10)
14 creatures vanquished.

Grand Total: 404 creatures vanquished

Notes
Turn   | Place    | Note
-------+----------+-------------------------------------------
     0 | D:1      | oldmanjim the Troll Berserker began the quest for the Orb.
     0 | D:1      | Reached XP level 1. HP: 22/22 MP: 0/0
    44 | D:1      | Reached XP level 2. HP: 29/29 MP: 1/1
    65 | D:1      | You fall into a shaft and drop 1 floor!
    71 | D:2      | Found a bloodstained altar of Trog.
   353 | D:2      | Reached XP level 3. HP: 34/37 MP: 2/2
   382 | D:2      | Found a faded altar of an unknown god.
   471 | D:2      | Noticed Sigmund
   480 | D:2      | Killed Sigmund
   481 | D:2      | Reached skill level 4 in Unarmed Combat
   481 | D:2      | Reached XP level 4. HP: 48/48 MP: 3/3
   481 | D:2      | Reached XP level 5. HP: 54/54 MP: 4/4
   838 | D:3      | Reached skill level 5 in Unarmed Combat
   942 | D:3      | Found a shimmering altar of Xom.
  1011 | D:3      | Reached XP level 6. HP: 36/62 MP: 5/5
  1011 | D:3      | Reached ** piety under Trog
  1552 | D:3      | Noticed an ice beast
  1565 | D:3      | Killed an ice beast
  1566 | D:3      | Reached skill level 6 in Unarmed Combat
  1568 | D:3      | Reached skill level 5 in Fighting
  1615 | D:3      | Reached XP level 7. HP: 69/72 MP: 6/6
  2724 | D:5      | Entered Level 5 of the Dungeon
  2741 | D:5      | HP: 4/108 [ogre/+0 giant club (21)]
  2746 | D:5      | HP: 3/111 [poisoned by a water moccasin]
  2847 | D:4      | Reached skill level 7 in Unarmed Combat
  2929 | D:5      | Reached *** piety under Trog
  2930 | D:5      | Reached XP level 8. HP: 13/83 MP: 1/7
  3813 | D:4      | Found a bloodstained altar of Trog.
  3900 | D:6      | Reached skill level 8 in Unarmed Combat
  3953 | D:6      | Found an ancient bone altar of Kikubaaqudgha.
  3977 | D:6      | Reached skill level 1 in Evocations
  4042 | D:6      | Reached **** piety under Trog
  4143 | D:6      | Noticed Grinder
  4157 | D:6      | Killed Grinder
  4158 | D:6      | Reached XP level 9. HP: 93/93 MP: 8/8
  4361 | D:6      | Noticed Edmund
  4369 | D:6      | Killed Edmund
  4522 | D:6      | Found an ornate altar of the Wu Jian Council.
  4590 | D:7      | Found a broken altar of Ashenzari.
  4632 | D:7      | Found a runed translucent door.
  4633 | D:7      | Noticed Crazy Yiuf
  4658 | D:7      | Found a flagged portal.
  4689 | Bailey   | Entered a bailey
  4761 | Bailey   | Identified the +15 crystal plate armour of Qazlal's
                  | Castigation {rC- Int+3 Dex+4 Slay+3}
  4777 | Bailey   | Reached skill level 9 in Unarmed Combat
  5131 | D:7      | Noticed Pikel
  5174 | D:7      | Paralysed by Pikel for 5 turns
  5205 | D:6      | Killed Pikel
  5564 | D:7      | Reached skill level 10 in Unarmed Combat
  5731 | D:7      | Found a staircase to the Ecumenical Temple.
  6075 | Temple   | Entered the Ecumenical Temple
  6275 | D:8      | Found a sparkling altar of Nemelex Xobeh.
  6330 | D:8      | Found a stormy altar of Qazlal.
  6659 | D:8      | Reached XP level 10. HP: 106/106 MP: 9/9
  6895 | D:8      | Found a glowing golden altar of the Shining One.
  7034 | D:8      | Noticed a manticore
  7040 | D:8      | Killed a manticore
  7186 | D:8      | Found a basalt altar of Yredelemnul.
  7803 | D:9      | Found a staircase to the Lair.
  7816 | D:9      | Reached skill level 11 in Unarmed Combat
  7852 | D:9      | Reached ***** piety under Trog
  8052 | D:9      | Found an iron altar of Okawaru.
  8814 | D:10     | Entered Level 10 of the Dungeon
  8921 | D:10     | Reached XP level 11. HP: 73/111 MP: 5/10
  8924 | D:10     | Reached skill level 10 in Fighting
  8931 | D:10     | Noticed a six-headed hydra
  9003 | D:9      | Reached skill level 12 in Unarmed Combat
  9128 | D:10     | Reached skill level 1 in Throwing
  9503 | D:10     | Identified the +2 long sword of Valour {vorpal, rN+}
  9610 | D:10     | Killed a six-headed hydra
  9882 | D:11     | Found Vajonaat's Antique Weapon Shop.
  9928 | D:11     | Reached skill level 13 in Unarmed Combat
 10046 | D:11     | Noticed a four-headed hydra
 10054 | D:11     | Killed a four-headed hydra
 10158 | D:11     | Noticed a boulder beetle
 10164 | D:11     | Killed a boulder beetle
 10223 | D:11     | Reached skill level 14 in Unarmed Combat
 10282 | D:11     | Noticed a centaur warrior
 10282 | D:11     | Noticed a boulder beetle
 10282 | D:11     | Noticed an orc knight
 10307 | D:11     | Killed a centaur warrior
 10308 | D:11     | Reached skill level 1 in Armour
 10319 | D:11     | Reached XP level 12. HP: 73/126 MP: 4/11
 10599 | D:11     | Killed a boulder beetle
 10721 | D:11     | Identified the +5 hand axe "Riobliox" {flame, rElec}
 10774 | D:11     | Paralysed by a hornet for 3 turns
 10821 | D:11     | Found a staircase to the Orcish Mines.
 10948 | D:11     | Noticed Snorg
 10971 | D:11     | Killed Snorg
 10972 | D:11     | Reached skill level 5 in Throwing
 11134 | Lair:1   | Entered Level 1 of the Lair of Beasts
 11707 | Lair:1   | Identified the ring "Qioschot" {Ice Str+4}
 12401 | Lair:2   | Found a staircase to the Snake Pit.
 12524 | Lair:2   | Noticed an eight-headed hydra
 12537 | Lair:2   | HP: 5/128 [eight-headed hydra (3)]
 12537 | Lair:2   | Slain by an eight-headed hydra

Illustrated notes

Levels and vault maps discovered:
D:1:      mrwooster_arrival_statue, layout_loops_ring, serial_shops, shop
D:2:      layout_loops_ring, shapermc_ecumenical_altar_mp_vishouse, basic_altar,
          uniq_sigmund
D:3:      layout_basic, marbit_many_paths, corexii_corridor_pit,
          minmay_divided_ellipse
D:4:      layout_basic, nicolae_overflow_hidden_temple
D:5:      corexii_shantytown, layout_cave_pools, chequers_arboretum
D:6:      layout_gridville, tgw_kikubaaqudgha, mainiacjoe_overflow_alcove_2,
          uniq_edmund, uniq_grinder
D:7:      layout_gridville, mainiacjoe_overflow_small_starburst,
          minmay_temple_entry_tees, enter_bailey_5, uniq_pikel,
          uniq_crazy_yiuf_cottage
D:8:      layout_basic, mainiacjoe_overflow_alcove_4,
          nicolae_overflow_crystal_walls, mainiacjoe_overflow_chevrons,
          mainiacjoe_overflow_alcove_1
D:9:      layout_irregular_city, lemuel_doored_altar, lair_entry_dummy
D:10:     cheibrodos_grave_circle, layout_rooms, the_hattery
D:11:     minmay_the_grid_triangle_9x9_recursive_2
          [minmay_the_grid_triangle_9x9_prize_insulated,
          minmay_the_grid_triangle_9x9_checkered,
          minmay_the_grid_triangle_9x9_empty,
          minmay_the_grid_triangle_9x9_descending_squares], layout_basic,
          david_orc_5, serial_shops, shop, minmay_misc_feat_square, uniq_snorg
Temple:   chequers_temple_sunken
Lair:1:   lemuel_slime, layout_chaotic_city, beast_lair_carwin_1,
          grunt_megastairs_5
Lair:2:   gammafunk_lair_enchanted_lake, layout_concentric_octagons,
          guppyfry_snake_entry_island, forest_entry_grove, uniq_harold

Skill      XL: |  1  2  3  4  5  6  7  8  9 10 11 12 |
---------------+-------------------------------------+-----
Fighting       | 3 4 5 6 7 8 9 10 | 10.8
Unarmed Combat | 4 5 6 7 8 10 11 14 | 14.8
Evocations     | 2 3 4 |  4.0
Dodging        | 4 |  4.0
Throwing       | 4 7 |  7.5
Armour         | 1 4 |  4.0

Action                   |  1- 3 |  4- 6 |  7- 9 | 10-12 || total
-------------------------+-------+-------+-------+-------++-------
Melee: Unarmed           |    48 |    53 |   420 |   546 ||  1067
       Punch             |       |     4 |    12 |    39 ||    55
       Flail             |       |       |       |     7 ||     7
Throw: Stone             |       |       |    14 |       ||    14
       Boomerang         |       |       |     6 |    78 ||    84
       Dart              |       |       |       |     3 ||     3
Invok: Berserk           |     1 |     1 |     2 |     2 ||     6
       Trog's Hand       |       |       |     3 |     4 ||     7
       Brothers in Arms  |       |       |       |     2 ||     2
Evoke: Wand              |       |       |       |     7 ||     7
       Box of beasts     |       |       |       |     1 ||     1
  Use: Scroll            |       |     5 |     7 |    13 ||    25
       Potion            |       |       |     1 |       ||     1
 Stab: Sleeping          |       |       |     1 |       ||     1
Armor: Animal skin       |    12 |    22 |   148 |   121 ||   303
       Troll leather arm |       |       |       |    85 ||    85
Dodge: Dodged            |    26 |    23 |   275 |   302 ||   626
